AoeStats
← VL LocoBarry

Fortress

508998593Analyzed
4v4 RM · 7d ago on Sep 25, 2026· 43m 25s· 8 players
Game mode
Random Map
Map size
Huge
Population
200
Speed
Normal
Resources
Standard
Victory
Conquest
Starting age
Dark Age
Ending age
Imperial Age
RankedLock teamsTeams togetherTeam positionsShared explorationLock speedFull tech treeHidden civsTurbo modeCheats
Victory
Defeat
🇨🇱 Cumans · Chile
1712
+11
🇲🇽 Saxons · Mexico
1614
+15
🇺🇸 Aztecs · United States
1587
+16
🇲🇽 Bengalis · Mexico
1478
+20
🇲🇽 Burgundians · Mexico
1703
-19
🇲🇽 Celts · Mexico
1611
-17
🇵🇦 Hindustanis · Panama
1541
-14
🇺🇸 Huns · United States
1490
-12
VX | Anubis
7:29 Feudal Age
11:11 Castle Age
9:32 Double-Bit Axe
9:37 Horse Collar
11:15 Loom
12:25 Bow Saw
23:42 Heavy Plow
26:41 Wheelbarrow
28:10 Gold Mining
29:31 Hand Cart
32:56 Imperial Age
32:20 Forging
32:11 Scale Mail Armor
31:58 Arson
32:41 Ballistics
33:30 Heavy Scorpion
35:11 Chemistry
37:39 Fletching
38:25 Pikeman
38:51 Capped Ram
40:16 Chain Mail Armor
41:14 Onager
busy pushing deer
5:17 Loom
8:20 Feudal Age
9:54 Double-Bit Axe
10:23 Gold Mining
12:36 Castle Age
10:29 Horse Collar
13:42 Bow Saw
14:14 Heavy Plow
20:52 Fletching
22:04 Ballistics
21:42 Bodkin Arrow
23:30 Loom
24:21 Wheelbarrow
23:32 Town Watch
24:16 Thumb Ring
24:51 Padded Archer Armor
27:04 Bloodlines
26:55 Husbandry
30:36 Imperial Age
29:06 Pikeman
29:46 Squires
30:09 Leather Archer Armor
31:10 Hand Cart
31:33 Gold Shaft Mining
30:49 Stone Mining
30:39 Heavy Cavalry Archer
31:45 Parthian Tactics
31:01 Halberdier
32:15 Bracer
33:46 Chemistry
34:51 Two-Man Saw
34:40 Scale Mail Armor
34:50 Forging
35:41 Caravan
35:58 Chain Mail Armor
41:11 Iron Casting
hK | Agt. Smith
2:55 Double-Bit Axe
7:13 Feudal Age
10:45 Castle Age
8:49 Horse Collar
9:23 Bow Saw
11:19 Scale Barding Armor
17:47 Chain Barding Armor
21:03 Husbandry
21:50 Forging
25:49 Loom
25:54 Town Watch
27:31 Iron Casting
27:33 Wheelbarrow
27:47 Heavy Plow
28:46 Burgundian Vineyards
29:17 Gold Mining
33:46 Imperial Age
32:44 Masonry
33:25 Fortified Wall
35:25 Plate Barding Armor
35:30 Cavalier
Telo Bombeo
8:05 Feudal Age
9:00 Double-Bit Axe
9:28 Loom
11:44 Castle Age
9:46 Horse Collar
13:25 Bow Saw
13:40 Scale Mail Armor
14:36 Wheelbarrow
17:02 Gold Mining
19:19 Gold Shaft Mining
18:36 Stone Mining
19:02 Town Watch
21:09 Bloodlines
21:12 Forging
21:21 Husbandry
26:27 Hand Cart
31:59 Imperial Age
30:09 Chain Mail Armor
30:29 Iron Casting
30:02 Squires
29:48 Arson
32:08 Stone Shaft Mining
33:19 Hoardings
33:54 Chemistry
33:30 Conscription
33:33 Padded Archer Armor
34:15 Shatagni
35:32 Two-Man Saw
35:09 Leather Archer Armor
34:44 Fletching
36:46 Ring Archer Armor
37:24 Light Cavalry
41:10 Hussar
41:58 Scale Barding Armor
DGHIR | Qeetsa
7:09 Feudal Age
8:52 Double-Bit Axe
11:23 Castle Age
9:22 Horse Collar
10:17 Town Watch
12:21 Bow Saw
12:22 Loom
17:21 Heavy Plow
18:55 Wheelbarrow
24:41 Imperial Age
23:07 Scale Mail Armor
22:28 Pikeman
23:08 Squires
22:54 Arson
24:12 Chain Mail Armor
25:21 Halberdier
27:28 Conscription
27:48 Plate Mail Armor
27:44 Sappers
28:31 Elite Hearth Troop
31:38 Shield Wall
32:14 Fletching
33:18 Caravan
33:11 Gambesons
34:28 Hand Cart
34:37 Forging
34:23 Bodkin Arrow
35:09 Coinage
35:32 Crop Rotation
36:08 Town Patrol
36:42 Masonry
37:43 Stone Mining
37:44 Gold Mining
37:56 Guard Tower
38:31 Fortified Wall
40:34 Iron Casting
40:00 Bracer
41:01 Chemistry
40:48 Heavy Scorpion
43:46 Siege Engineers
VL Marcelsanz
7:47 Feudal Age
8:48 Double-Bit Axe
11:38 Castle Age
9:48 Horse Collar
13:31 Bow Saw
15:30 Heavy Plow
16:27 Loom
17:36 Wheelbarrow
17:40 Fletching
20:04 Gold Mining
20:44 Bloodlines
20:34 Husbandry
21:41 Ballistics
22:24 Bodkin Arrow
22:33 Padded Archer Armor
24:30 Town Watch
25:01 Hand Cart
27:38 Imperial Age
25:57 Town Patrol
25:49 Stone Mining
26:28 Leather Archer Armor
27:12 Gold Shaft Mining
28:33 Masonry
31:01 Chemistry
29:38 Elite Elephant Archer
32:34 Conscription
33:09 Bracer
34:34 Caravan
38:05 Mahayana
39:21 Coinage
42:53 Siege Engineers
43:19 Architecture
43:48 Murder Holes
44:24 Ring Archer Armor
VL SlenderMan
8:02 Feudal Age
11:40 Castle Age
9:48 Double-Bit Axe
10:13 Horse Collar
12:35 Bow Saw
13:50 Wheelbarrow
14:34 Fervor
15:34 Loom
24:22 Sanctity
32:44 Imperial Age
30:34 Gold Mining
32:38 Redemption
32:35 Scale Mail Armor
32:31 Stone Mining
33:45 Block Printing
34:08 Theocracy
34:00 Illumination
33:57 Conscription
36:14 Arson
36:30 Squires
37:56 Chain Mail Armor
37:52 Forging
39:58 Plate Mail Armor
40:04 Iron Casting
40:28 Garland Wars
40:51 Elite Jaguar Warrior
42:55 Pikeman
44:44 Blast Furnace
VL LocoBarry
5:47 Feudal Age
6:25 Double-Bit Axe
6:30 Horse Collar
15:35 Castle Age
14:15 Bloodlines
14:11 Scale Barding Armor
14:57 Forging
14:46 Gold Mining
16:47 Chain Barding Armor
16:14 Capped Ram
18:53 Wheelbarrow
25:05 Hand Cart
28:20 Imperial Age
25:54 Heavy Plow
29:44 Iron Casting
29:23 Bow Saw
28:54 Cavalier
30:36 Plate Barding Armor
31:33 Arson
31:48 Squires
34:19 Blast Furnace
35:01 Paladin
35:52 Siege Ram
39:30 Caravan
40:20 Light Cavalry
41:42 Coinage
41:36 Hussar
Connection lost

Rejoining the realm…

Still unreachable

The connection could not be restored.

Session expired

The server has moved on; the page needs a fresh start.